 Dungeon Crawl Stone Soup version 0.31.0-11-ge490571c62 (webtiles) character file.

Game seed: 10048913261639742315

100 Ofeo the Shooter (level 4, 0/35 HPs)
             Began as a Barachi Hunter on Jan 27, 2024.
             Slain by Natasha (7 damage)
             ... on level 2 of the Dungeon.
             The game lasted 00:00:53 (1434 turns).

Ofeo the Shooter (Barachi Hunter)                   Turns: 1434, Time: 00:00:53

Health: 0/35       AC:  3    Str: 12    XL:     4   Next: 74%
Magic:  4/4        EV: 12    Int: 10    God:
Gold:   78         SH:  0    Dex: 17    Spells: 3/3 levels left

rFire   . . .        a - +0 shortbow
rCold   . . .        (shield currently unavailable)
rNeg    . . .        c - +0 leather armour
rPois   .            (no helmet)
rElec   .            (no cloak)
rCorr   .            (no gloves)
SInv    .            (no boots)
Will    .....        (no amulet)
Stlth   ++           (no ring)
HPRegen 0.25/turn    (no ring)
MPRegen 0.09/turn

%: no passive effects
@: slow
A: amphibious, slowness 1, strong legs 1, +LOS
a: Hop


You were on level 2 of the Dungeon.
You visited 1 branch of the dungeon, and saw 2 of its levels.

You collected 78 gold pieces.

Inventory:

Hand Weapons
 a - a +0 shortbow (weapon)
Armour
 c - a +0 leather armour (worn)
Scrolls
 b - a scroll of butterflies
 d - a scroll of blinking {unknown}
 e - a scroll of enchant weapon {unknown}
 f - 2 scrolls of identify {unknown}
 g - 2 scrolls of immolation {unknown}
 h - a scroll of vulnerability {unknown}
Potions
 i - a potion of heal wounds {unknown}


   Skills:
 - Level 3.4 Fighting
 + Level 4.7 Ranged Weapons
 - Level 3.1 Dodging
 - Level 2.1 Stealth


You had 3 spell levels left.
You didn't know any spells.
Your spell library was empty.

Dungeon Overview and Level Annotations

Branches:
Dungeon (2/15)

Altars:
Trog

Annotations:
D:2 Natasha


Innate Abilities, Weirdness & Mutations

You are amphibious.
You cover ground slowly.
You can hop short distances.
You have an extended range of vision and can be seen from far away.


Message History

The cerulean imp hits you with a +1 spear.
You take 5 damage, and have 25/35 hp.
You shoot an arrow. The arrow closely misses Natasha.
Natasha wildly gestures.
You feel disoriented. Natasha closely misses you.
The cerulean imp closely misses you.
You shoot an arrow. The arrow completely misses Natasha.
Natasha mumbles some strange words.
Natasha shimmers violently.
Natasha mumbles some strange words.
The cerulean imp hits you but does no damage.
You shoot an arrow. The arrow closely misses Natasha.
The arrow hits the cerulean imp.
The cerulean imp is heavily wounded.
Natasha mumbles some strange words.
The cerulean imp hits you with a +1 spear.
You take 1 damage, and have 25/35 hp.
You shoot an arrow. The arrow barely misses Natasha.
The arrow closely misses the cerulean imp.
Natasha misses you. The cerulean imp closely misses you.
The cerulean imp hits you from afar with a +4 spear.
The cerulean imp misses you.
You take 4 damage, and have 21/35 hp.
You shoot an arrow.
The arrow hits Natasha but does no damage.
Natasha is almost dead.
Natasha claws you but does no damage. The cerulean imp misses you.
The cerulean imp hits you from afar with a +4 spear.
The cerulean imp hits you with a +1 spear.
Natasha stares at you and mumbles some strange words.
The magic dart hits you.
The cerulean imp hits you with a +1 spear.
You take 10 damage, and have 11/35 hp.
MASSIVE DAMAGE!!
You shoot an arrow. The arrow closely misses Natasha.
The arrow closely misses the cerulean imp.
The cerulean imp hits you from afar with a +4 spear.
* * * LOW HITPOINT WARNING * * *
The cerulean imp barely misses you. Natasha claws you!
You die...
Natasha curls up and begins to purr.

##..#(...# ##.
#..#.#...# #..
#.##.##..# #.#
#.....†.## #.#
#######.#######.#
#.........#.#
#.#.#####.#.# #
#.#.# #.#?###..###
#.#.#####.5@h5......
#.#.##....5.###..###
#.#..#.##..##
#....†.....#
#..#.#.##..#
#..#.#.##..#
#..#.#.##..#
#..........#
##.#.#.###.#


You could see Natasha and 3 cerulean imps.

Vanquished Creatures
  Natasha (D:2)
  2 adders (D:2)
  3 ribbon worms (D:2)
  7 endoplasms
  A giant cockroach (D:2)
  4 goblins
  6 hobgoblins
  6 kobolds
  3 quokkas (D:1)
  5 ball pythons
  4 bats
  A frilled lizard (D:1)
  5 rats
48 creatures vanquished.

Notes
Turn   | Place    | Note
-------+----------+-------------------------------------------
     0 | D:1      | Ofeo the Barachi Hunter began the quest for the Orb.
     0 | D:1      | Reached XP level 1. HP: 17/17 MP: 1/1
    43 | D:1      | Reached skill level 1 in Stealth
    79 | D:1      | Reached XP level 2. HP: 23/23 MP: 2/2
   353 | D:1      | Reached XP level 3. HP: 28/28 MP: 3/3
   963 | D:2      | Found a bloodstained altar of Trog.
   975 | D:2      | Noticed Natasha
   982 | D:2      | Killed Natasha
   983 | D:2      | Reached XP level 4. HP: 12/35 MP: 4/4
  1421 | D:2      | Noticed Natasha
  1434 | D:2      | Slain by Natasha

Illustrated notes

Levels and vault maps discovered:
D:1:      dpeg_arrival_lava_temple_mockup, layout_basic, serial_aquarium,
          aquarium_bridge_island_small [aquarium_subvault_small_water,
          aquarium_subvault_wall, aquarium_subvault_bridge,
          aquarium_subvault_bridge, aquarium_subvault_bridge],
          aquarium_window_1, aquarium_window_1, aquarium_window_fake,
          aquarium_window_corridor_2, aquarium_view_2c, aquarium_view_2b,
          minmay_pentomino_o2
D:2:      layout_loops_ring, basic_altar, minmay_tall_x, uniq_natasha

Skill      XL: |  1  2  3 |
---------------+----------+-----
Stealth        | 1 2 |  2.1
Fighting       | 3 |  3.4
Dodging        | 3 |  3.1
Ranged Weapons | |  4.7

Action                     |  1- 3 |  4- 6 || total
---------------------------+-------+-------++-------
   Fire: Shortbow          |    82 |    67 ||   149
 Armour: Leather armour    |    15 |    23 ||    38
  Dodge: Dodged            |    11 |    35 ||    46
